 Dungeon Crawl Stone Soup version 0.21-a0-507-ga8f6b7a (webtiles) character file.

223 slep the Poker (level 5, -1/46 HPs)
             Began as a Minotaur Gladiator on Nov 28, 2017.
             Slain by slep's ghost (11 damage)
             ... on level 4 of the Dungeon.
             The game lasted 00:08:53 (2138 turns).

slep the Poker (Minotaur Gladiator)                 Turns: 2138, Time: 00:08:53

Health: -1/46      AC:  6    Str: 19    XL:     5   Next: 66%
Magic:  4/4        EV: 14    Int:  5    God:
Gold:   77         SH:  0    Dex: 12    Spells: 4/4 levels left

rFire    . . .     SeeInvis .   a - +0 trident
rCold    . . .     Gourm    .   (no shield)
rNeg     . . .     Faith    .   n - +0 ring mail
rPois    .         Spirit   .   c - +0 hat
rElec    .         Reflect  .   k - +0 cloak
rCorr    .         Harm     .   (no gloves)
MR       .....                  (no boots)
Stlth    +.........             (no amulet)
HPRegen  0.15/turn              o - ring of flight
MPRegen  0.09/turn              h - +2 ring of evasion

@: no status effects
A: retaliatory headbutt, horns 2
a: Evoke Flight


You were on level 4 of the Dungeon.
You were not hungry.

You visited 1 branch of the dungeon, and saw 4 of its levels.

You collected 77 gold pieces.

Inventory:

Hand Weapons
 a - a +0 trident (weapon)
Missiles
 d - 3 throwing nets (quivered)
 y - 3 tomahawks of returning
Armour
 b - a +0 leather armour
 c - a +0 hat (worn)
 k - a +0 cloak (worn)
 n - a +0 ring mail (worn)
Jewellery
 h - a +2 ring of evasion (right hand)
 o - a ring of flight (left hand)
Scrolls
 e - 6 scrolls of identify {unknown}
 j - 2 scrolls of amnesia {unknown}
 l - 2 scrolls of enchant weapon {unknown}
 m - 2 scrolls of noise {unknown}
 p - 9 scrolls of remove curse {unknown}
 q - a scroll of random uselessness {unknown}
 t - 2 scrolls of teleportation {unknown}
 x - a scroll of enchant armour {unknown}
Potions
 i - 2 potions of lignification {unknown}
 r - a potion of agility {unknown}
 s - a potion of haste {unknown}
 u - 2 potions of berserk rage {unknown}
 v - a potion of heal wounds {unknown}
Comestibles
 f - 4 bread rations
 g - 2 meat rations
 w - a royal jelly
 z - 6 chunks of flesh


   Skills:
 + Level 4.0 Fighting
 + Level 5.7 Polearms
 + Level 2.2 Throwing
 + Level 2.1 Armour
 + Level 4.1 Dodging
 + Level 0.1 Stealth


You had 4 spell levels left.
You didn't know any spells.

Dungeon Overview and Level Annotations

Branches:
Dungeon (4/15)
 Temple: D:4-7

Altars:
Nemelex Xobeh
Uskayaw
Xom

Annotations:
D:4 slep's ghost, amateur HaGl


Innate Abilities, Weirdness & Mutations

You reflexively headbutt those who attack you in melee.
You have a pair of horns on your head.


Message History

You kill the giant cockroach!
You see here a pair of boots.
You hit slep's ghost. You headbutt slep's ghost.
Slep's ghost is lightly damaged.
Slep's ghost hits you!
You hit slep's ghost.
Slep's ghost is moderately damaged.
Slep's ghost hits you!
You barely miss slep's ghost. Your headbutt misses slep's ghost.
Slep's ghost is moderately damaged.
Slep's ghost hits you.
You hit slep's ghost. Your headbutt misses slep's ghost.
Slep's ghost is moderately damaged.
Slep's ghost hits you!
* * * LOW HITPOINT WARNING * * *
Slep's ghost whispers, "Trust me.
Just give in."
Slep's ghost whispers, "Everlasting silence awaits you..."
There is a stone staircase leading up here.
Slep's ghost hits you!
You die...

##............+
.......
###.######...#
....... #.
#.### ...... #.
#.# ....# #.#
....#
###.#####[...#
#).(....'†...+
#W#.#####(...#
#@#.# ....#
###.# ##### #.#
#.# #.# #..


You could see slep's ghost.

Vanquished Creatures
  An orc priest (D:4)
  6 gnolls
  2 adders
  A shadow imp (D:3)
  An ooze (D:2)
  A worm (D:2)
  2 dart slugs
  5 leopard geckos
  5 orcs (D:4)
  3 ball pythons
  14 bats
  6 giant cockroaches
  7 goblins
  6 hobgoblins
  7 jackals
  A quokka (D:2)
  4 frilled lizards
  11 kobolds
  5 rats
88 creatures vanquished.

Notes
Turn   | Place    | Note
-------+----------+-------------------------------------------
     0 | D:1      | slep the Minotaur Gladiator began the quest for the Orb.
     0 | D:1      | Reached XP level 1. HP: 18/18 MP: 0/0
   263 | D:1      | Reached skill level 4 in Polearms
   263 | D:1      | Reached XP level 2. HP: 25/25 MP: 1/1
   558 | D:1      | Reached XP level 3. HP: 15/30 MP: 2/2
   943 | D:2      | Found a sparkling altar of Nemelex Xobeh.
  1068 | D:2      | Reached skill level 1 in Armour
  1068 | D:2      | Reached XP level 4. HP: 19/38 MP: 3/3
  1081 | D:2      | Found a shimmering altar of Xom.
  1267 | D:2      | Found a faded altar of an unknown god.
  1382 | D:3      | Reached skill level 5 in Polearms
  1517 | D:3      | Reached XP level 5. HP: 41/45 MP: 4/4
  1747 | D:3      | Found a hide-covered altar of Uskayaw.
  1920 | D:4      | Noticed slep's ghost (amateur HaGl)
  2138 | D:4      | Slain by slep's ghost

Vault maps used:
D:1:      saegor_arrival_simple_a
D:2:      nicolae_overflow_crystal_walls, lemuel_crystal_altar,
          chequers_ecumenical_altar_island
D:3:      overflow_temple_1_default, first_bread, kennysheep_generic_room_3
D:4:      nicolae_tso_besieged_by_evil

Skill      XL: |  1  2  3  4  5 |
---------------+----------------+-----
Polearms       | 4 5 |  5.7
Fighting       | 3 4 |  4.0
Armour         | 1 2 |  2.1
Dodging        | 4 |  4.1
Throwing       | |  2.2
Stealth        | |  0.1

Action                   |  1- 3 |  4- 6 || total
-------------------------+-------+-------++-------
Melee: Trident           |   115 |    93 ||   208
       Headbutt          |    16 |    18 ||    34
  Eat: Chunk             |     1 |     3 ||     4
Armor: Leather armour    |    25 |       ||    25
       Ring mail         |    11 |    30 ||    41
Dodge: Dodged            |   113 |    80 ||   193

Table legend:
 A = Spawn XP
 B = Non-spawn XP
 C = Spawn XP percentage of total XP
 D = Spawn monster count
 E = Non-spawn monster count
 F = Spawn count percentage of total count
 G = Total turns spent on level
                    A         B        C        D         E        F      G
               +---------+---------+-------+---------+---------+-------+---------
         Total |       0 |     319 |   0.0 |       0 |      88 |   0.0 |  2138
               +---------+---------+-------+---------+---------+-------+---------
           D:1 |       0 |      60 |   0.0 |       0 |      35 |   0.0 |   914
           D:2 |       0 |      74 |   0.0 |       0 |      29 |   0.0 |   454
           D:3 |       0 |      79 |   0.0 |       0 |      13 |   0.0 |   575
           D:4 |       0 |     106 |   0.0 |       0 |      11 |   0.0 |   195
               +---------+---------+-------+---------+---------+-------+---------
